 Dungeon Crawl Stone Soup version 0.22-a0-283-g1871b15 (webtiles) character file.

143 grindst0ne the Conjurer (level 5, -7/28 HPs)
             Began as a Kobold Conjurer on Mar 19, 2018.
             Was an Initiate of Ru.
             Killed by divine providence
             ... invoked by an orc priest
              (12 damage)
             ... on level 2 of the Dungeon.
             The game lasted 00:10:30 (2880 turns).

grindst0ne the Conjurer (Kobold Conjurer)           Turns: 2880, Time: 00:10:31

Health: -7/28      AC:  4    Str:  5    XL:     5   Next: 50%
Magic:  0/9        EV: 17    Int: 17    God:    Ru [......]
Gold:   78         SH:  0    Dex: 16    Spells: 2/10 levels left

rFire    . . .     SeeInvis .   l - +0 dagger
rCold    . . .     Gourm    .   (shield restricted)
rNeg     . . .     Faith    .   a - +0 robe
rPois    .         Spirit   .   m - +0 helmet
rElec    .         Reflect  .   n - +0 cloak
rCorr    .         Harm     .   (no gloves)
MR       .....                  (no boots)
Stlth    +++.......             (no amulet)
HPRegen  0.09/turn              (no ring)
MPRegen  0.11/turn              (no ring)

@: flying
A: small, carnivore
a: Renounce Religion


You were on level 2 of the Dungeon.
You worshipped Ru.
Ru was noncommittal.
You were completely stuffed.

You visited 1 branch of the dungeon, and saw 3 of its levels.

You collected 78 gold pieces.

Inventory:

Hand Weapons
 g - a +0 club
 l - a +0 dagger (weapon)
Missiles
 k - 6 tomahawks (quivered)
Armour
 a - a +0 robe (worn)
 m - a +0 helmet (worn)
 n - a +0 cloak (worn)
Scrolls
 b - 2 scrolls of amnesia {unknown}
 d - 5 scrolls of identify {unknown}
 e - 2 scrolls of remove curse {unknown}
 h - a scroll of enchant weapon {unknown}
 i - a scroll of teleportation {unknown}
Potions
 j - a potion of brilliance
Comestibles
 c - 4 rations
 f - 3 chunks of flesh


   Skills:
 + Level 3.9 Dodging
 + Level 4.5 Stealth
 - Level 3.0 Spellcasting
 + Level 4.7 Conjurations


You had 2 spell levels left.
You knew the following spells:

 Your Spells              Type           Power        Failure   Level  Hunger
a - Magic Dart            Conj           ###.         2%          1    None
b - Dazzling Spray        Conj/Hex       ##....       21%         3    ###....
c - Iskenderun's Mystic   Conj           ###.....     24%         4    ####...


Dungeon Overview and Level Annotations

Branches:
Dungeon (3/15)

Altars:
Cheibriados
Hepliaklqana
Ru


Innate Abilities, Weirdness & Mutations

You are small and have problems with some larger weapons.
You are carnivorous and can eat meat at any time.


Message History

Press: ? - help, Shift-Dir - straight line, f/p - orc priest
Aim: an orc priest, wielding a mace and wearing a ring mail (moderately wounded)
The magic dart hits the orc priest.
The orc priest is heavily wounded.
The orc priest misses you.
Okay, then.
Your magical contamination has completely faded away.
There is a stone staircase leading up here.
The orc priest invokes the aid of Beogh against you.
You barely resist.
Casting: Magic Dart (safe; 2% risk of failure)
Confirm with . or Enter, or press ? or * to list all spells.
Aiming: Magic Dart (safe; 2% risk of failure)
Press: ? - help, Shift-Dir - straight line, f/p - orc priest
Aim: an orc priest, wielding a mace and wearing a ring mail (moderately wounded)
The magic dart hits the orc priest.
The orc priest is moderately wounded.
The orc priest calls down the wrath of Beogh upon you.
Beogh smites you!
You die...

.##.#.#..#######.####.#.########.
.##.#.#..........####..#.........
.##.#.#.#.#....<......#.#########
.##.#...)...#.##......>.<.....[##
..........###.##...####.##>).....
..#.###.#.# #.##o(.# #.##.###.##
..........# #.##...# #....# #.##
#.#.###.#.# #.##...# ###### #...
#.#.# #.#.# #.##@..# ####
#.#.###.#.# #.##...#
#.#.....#.###.##...#
#.####........)....# #.#
##.#.###>##.>## #.# #.#.###.....#
#.# #...........#
#.#######.######### #.........#


You could see an orc priest.

Vanquished Creatures
  An orc priest (D:2)
  2 gnolls (D:2)
  An adder (D:2)
  2 worms (D:2)
  3 dart slugs
  3 leopard geckos
  9 orcs
  4 giant cockroaches
  5 goblins
  7 hobgoblins
  4 jackals (D:2)
  3 kobolds
  A ball python (D:1)
  4 bats
  2 frilled lizards
  10 rats
61 creatures vanquished.

Notes
Turn   | Place    | Note
-------+----------+-------------------------------------------
     0 | D:1      | grindst0ne the Kobold Conjurer began the quest for the Orb.
     0 | D:1      | Reached XP level 1. HP: 10/10 MP: 3/3
   288 | D:1      | Reached XP level 2. HP: 15/15 MP: 3/5
   683 | D:1      | Reached XP level 3. HP: 19/19 MP: 4/6
   792 | D:1      | Learned a level 3 spell: Dazzling Spray
  1085 | D:2      | Found a sacrificial altar of Ru.
  1184 | D:2      | Became a worshipper of Ru the Awakened
  1240 | D:2      | Reached XP level 4. HP: 24/24 MP: 1/8
  1682 | D:2      | Learned a level 4 spell: Iskenderun's Mystic Blast
  1689 | D:2      | Reached XP level 5. HP: 28/28 MP: 0/9
  1984 | D:2      | Found a snail-covered altar of Cheibriados.
  2654 | D:3      | Found a hazy altar of Hepliaklqana.
  2880 | D:2      | Killed from afar by an orc priest

Vault maps used:
D:1:      roderic_dead_forest
D:2:      lemuel_doored_altar, lemuel_crystal_altar
D:3:      overflow_temple_1_default, uniq_jessica

Skill      XL: |  1  2  3  4 |
---------------+-------------+-----
Stealth        | 3 4 |  4.5
Dodging        | 3 |  3.9
Spellcasting   | 3 |  3.0
Conjurations   | |  4.7

Action                   |  1- 3 |  4- 6 || total
-------------------------+-------+-------++-------
Melee: Unarmed           |     7 |       ||     7
       Club              |     5 |       ||     5
       Dagger            |       |    20 ||    20
 Cast: Magic Dart        |    58 |    92 ||   150
       Dazzling Spray    |     2 |     6 ||     8
  Use: Potion            |       |     4 ||     4
  Eat: Chunk             |    10 |     6 ||    16
Armor: Robe              |    14 |     6 ||    20
Dodge: Dodged            |    54 |    31 ||    85

Table legend:
 A = Spawn XP
 B = Non-spawn XP
 C = Spawn XP percentage of total XP
 D = Spawn monster count
 E = Non-spawn monster count
 F = Spawn count percentage of total count
 G = Total turns spent on level
                    A         B        C        D         E        F      G
               +---------+---------+-------+---------+---------+-------+---------
         Total |       0 |     205 |   0.0 |       0 |      61 |   0.0 |  2880
               +---------+---------+-------+---------+---------+-------+---------
           D:1 |       0 |      39 |   0.0 |       0 |      20 |   0.0 |  1099
           D:2 |       0 |     140 |   0.0 |       0 |      31 |   0.0 |  1422
           D:3 |       0 |      26 |   0.0 |       0 |      10 |   0.0 |   359
               +---------+---------+-------+---------+---------+-------+---------
